 Dungeon Crawl Stone Soup version 0.17-a0-461-g772d41b (webtiles) character file.

206 Kisielow the Shield-Bearer (level 5, 0/47 HPs)
             Began as a Minotaur Fighter on Apr 5, 2015.
             Succumbed to a kobold's poison
             ... on level 3 of the Dungeon.
             The game lasted 00:07:16 (2463 turns).

Kisielow the Shield-Bearer (Minotaur Fighter)       Turns: 2463, Time: 00:07:16

Health: 0/47       AC:  9    Str: 26    XL:     5   Next: 53%
Magic:  4/4        EV:  6    Int: 10    God:
Gold:   124        SH: 10    Dex: 10    Spells: 0 memorised, 4 levels left

rFire  . . .     SeeInvis .     a - +0 long sword
rCold  . . .     Clarity  .     h - +0 chain mail
rNeg   . . .     SustAb   .     c - +0 shield
rPois  .         Gourm    .     (helmet restricted)
rElec  .         Spirit   .     (no cloak)
rCorr  .         Warding  .     (no gloves)
rMut   .         Stasis   .     (no boots)
MR     .....                    (no amulet)
Stlth  ..........               (no ring)
                                (no ring)

@: mighty, brilliant, lethally poisoned (0 -> -1), very slightly contaminated,
not resistant to hostile enchantments, extremely unstealthy
A: retaliatory headbutt, horns 2
a: no special abilities


You were on level 3 of the Dungeon.
You were full.

You visited 1 branch of the dungeon, and saw 4 of its levels.

You collected 124 gold pieces.

Inventory:

Hand weapons
 a - a +0 long sword (weapon)
Armour
 c - a +0 shield (worn)
 h - a +0 chain mail (worn)
Magical devices
 s - a wand of confusion (20)
 t - a wand of digging (2)
Scrolls
 b - 2 scrolls of blinking {unknown}
 g - a scroll of random uselessness {unknown}
 i - a scroll of noise {unknown}
 j - 2 scrolls of remove curse {unknown}
 m - a scroll of teleportation {unknown}
 q - a scroll of identify {unknown}
 u - a scroll of enchant weapon {unknown}
Potions
 e - a potion of might
 l - a potion of brilliance
Comestibles
 d - 3 bread rations
 f - 2 meat rations
 k - 2 fruits
 n - a beef jerky
 o - 8 chunks of flesh
 p - 2 slices of pizza


   Skills:
 * Level 4.7 Fighting
 * Level 3.9 Long Blades
 * Level 4.8 Armour
 * Level 5.2 Shields


You had 4 spell levels left.
You didn't know any spells.

Dungeon Overview and Level Annotations

Branches:
Dungeon (4/15)
 Temple: D:4-7

Altars:
Ru
Yredelemnul

Shops:
D:4 [


Innate Abilities, Weirdness & Mutations

You reflexively headbutt those who attack you in melee.
You have a pair of horns on your head.


Message History

You feel sick.
You see here a chunk of flesh.
Your extra speed is starting to run out.
There is an entrance to Qufo's Antique Armour Emporium here.
You see here 3 fruits.
Eat one of 3 fruits? (ye/n/q/i?) That choko was very bland.
k - 2 fruits
* * * LOW HITPOINT WARNING * * *
You feel sick.
There is an entrance to Qufo's Antique Armour Emporium here.
You see here a chunk of flesh.
o - 8 chunks of flesh (gained 1)
You feel yourself slow down.
* * * LOW HITPOINT WARNING * * *
You feel sick.
There is a stone staircase leading up here.
You climb upwards.
There is a stone staircase leading down here.
You die...

..##..# #..##.# .
#.....####..(..#
#.###....(.$.##
#........()[..#####
..........(..#.....###
...#.....#######....
#...)(# #####
....#####.....#### #
........@>............
.
....#################
#


There were no monsters in sight!

Vanquished Creatures
  The ghost of Elizilla the Ruffian, a weakling TrMo (D:3)
  Ijyb (D:3)
  A worker ant (D:3)
  Natasha (thrice) (D:2)
  3 worms (D:2)
  2 giant geckos
  2 orcs
  4 giant cockroaches
  6 hobgoblins
  2 jackals (D:2)
  A ball python (D:2)
  6 bats
  4 giant newts
  5 goblins
  8 kobolds
  3 rats (D:2)
52 creatures vanquished.

Notes
Turn   | Place    | Note
--------------------------------------------------------------
     0 | D:1      | Kisielow, the Minotaur Fighter, began the quest for the Orb.
     0 | D:1      | Reached XP level 1. HP: 19/19 MP: 0/0
   122 | D:1      | Reached XP level 2. HP: 25/27 MP: 1/1
   348 | D:1      | Reached skill level 4 in Armour
   813 | D:2      | Reached XP level 3. HP: 26/33 MP: 2/2
  1157 | D:2      | Found a sacrificial altar of Ru.
  1330 | D:2      | Found a basalt altar of Yredelemnul.
  1785 | D:3      | Noticed Natasha
  1901 | D:2      | Killed Natasha
  1901 | D:2      | Reached XP level 4. HP: 30/41 MP: 3/3
  1939 | D:2      | Noticed Natasha
  1943 | D:2      | Killed Natasha
  2211 | D:2      | Noticed Natasha
  2214 | D:2      | Killed Natasha
  2255 | D:3      | Noticed Elizilla's ghost (weakling TrMo)
  2265 | D:3      | Killed Elizilla's ghost
  2265 | D:3      | Reached XP level 5. HP: 41/47 MP: 4/4
  2337 | D:3      | Reached skill level 5 in Shields
  2376 | D:3      | Noticed Ijyb
  2390 | D:3      | Killed Ijyb
  2410 | D:3      | HP: 1/47 [poisoned by a kobold]
  2440 | D:4      | Found Qufo's Antique Armour Emporium.
  2445 | D:4      | HP: 2/47 [poisoned by a kobold]
  2454 | D:4      | HP: 1/47 [poisoned by a kobold]
  2459 | D:4      | HP: 1/47 [poisoned by a kobold]
  2463 | D:3      | Succumbed to a kobold's poison

Action                   |  1- 3 |  4- 6 || total
-------------------------+-------+-------++-------
Melee: Long sword        |   113 |    53 ||   166
  Use: Potion            |       |     5 ||     5
  Eat: Chunk             |     3 |     2 ||     5
       Meat ration       |       |     1 ||     1
       Fruit             |       |     1 ||     1
